 Dungeon Crawl Stone Soup version 0.30-a0-782-ge64f9170bb (webtiles) character file.

Game seed: 17435304729282489035

56 sasquatch the Trooper (level 3, 0/39 HPs)
             Began as an Ogre Cinder Acolyte on Feb 18, 2023.
             Was a High Priest of Ignis.
             Slain by an iron imp (7 damage)
             ... summoned by Natasha
             ... on level 2 of the Dungeon.
             The game lasted 00:04:00 (1437 turns).

sasquatch the Trooper (Ogre Cinder Acolyte)         Turns: 1437, Time: 00:04:00

Health: 0/39       AC:  3    Str: 20    XL:     3   Next: 95%
Magic:  4/6        EV:  9    Int: 15    God:    Ignis [*****.]
Gold:   48         SH:  0    Dex:  4    Spells: 4/6 levels left

rFire   + . .      SeeInvis .    a - -1 mace (flame)
rCold   . . .      Faith    .    (no shield)
rNeg    . . .      Spirit   .    b - +0 robe
rPois   .          Reflect  .    (helmet restricted)
rElec   .          Harm     .    (no cloak)
rCorr   .          Rampage  .    (gloves unavailable)
Will    .....                    (boots unavailable)
Stlth   +                        (no amulet)
HPRegen 0.26/turn                (no ring)
MPRegen 0.10/turn                (no ring)

@: slowed, very slow
A: large, unfitting armour, tough skin 1
a: Renounce Religion, Fiery Armour, Foxfire Swarm, Rising Flame


You were on level 2 of the Dungeon.
You worshipped Ignis.
Ignis was extremely pleased with you.
You visited 1 branch of the dungeon, and saw 4 of its levels.

You collected 48 gold pieces.

Inventory:

Hand Weapons
 a - a -1 mace of flaming (weapon)
Missiles
 e - 4 boomerangs of dispersal (quivered)
 g - 2 boomerangs
Armour
 b - a +0 robe (worn)
Jewellery
 d - a ring of positive energy
Scrolls
 c - a scroll of enchant weapon {unknown}
 f - a scroll of amnesia {unknown}
Potions
 h - a potion of might {unknown}
 i - a potion of brilliance {unknown}
 j - a potion of cancellation {unknown}


   Skills:
 - Level 4.0 Fighting
 * Level 3.6 Maces & Flails
 + Level 2.2 Spellcasting
 + Level 3.1 Fire Magic


You had 4 spell levels left.
You knew the following spells:

 Your Spells              Type           Power      Damage    Failure   Level
a - Scorch                Fire           22%        2d6       9%          2

Your spell library contained the following spells:

 Spells                   Type           Power      Damage    Failure   Level


Dungeon Overview and Level Annotations

Branches:
Dungeon (4/15)
 Temple: D:4-7

Altars:

Annotations:
D:2 Natasha


Innate Abilities, Weirdness & Mutations

You are too large for most types of armour.
You have tough skin. (AC +1)


Message History

Natasha is lightly wounded.
Natasha claws you. The crimson imp barely misses you.
You hit Natasha. You burn Natasha.
Natasha is heavily wounded.
Natasha claws you. The crimson imp barely misses you.
Natasha closely misses you.
The crimson imp hits you but does no damage.
You closely miss Natasha.
Natasha is heavily wounded.
Natasha claws you. The crimson imp hits you. Natasha claws you.
The crimson imp blinks!
You hit Natasha. You burn Natasha.
Natasha is severely wounded.
Natasha claws you.
Natasha stares at you and mumbles some strange words.
The magic dart hits you.
* * * LOW HITPOINT WARNING * * *
You closely miss Natasha.
Natasha is severely wounded.
Natasha claws you.
* * * LOW HITPOINT WARNING * * *
Natasha mumbles some strange words.
Okay, then.
Okay, then.
Casting: Scorch (safe; 9% risk of failure)
Confirm with . or Enter, or press ? or * to list all spells.
Flames lash Natasha.
Natasha is almost dead.
Natasha's fire resistance burns away.
You hear a shout!
Natasha casts a spell.
You hear a shout! x3
You miss Natasha.
Natasha is almost dead.
Natasha growls.
Natasha claws you.
* * * LOW HITPOINT WARNING * * *
An orc comes into view. It is wielding a +0 club.
The iron imp hits you!
You die...

..... ..#.. ...# #..# #..#
.......#... . #..#
##.......... .o.
#..###...........
.....##5..##...........
##..@#.##...........
#....5h#5##........... .
...###.5..............! ....
## ###...............
.....############............
#...†.....####........#...
#......)....>)..#...### #
#.........#########.#
#.........# ##


You could see an iron imp (summoned), Natasha (combustible), 2 crimson imps and
an orc.

Vanquished Creatures
  Natasha (D:2)
  4 dart slugs
  An endoplasm (D:1)
  2 giant cockroaches (D:1)
  2 goblins
  2 hobgoblins (D:1)
  2 kobolds
  2 quokkas (D:1)
  5 ball pythons
  3 frilled lizards (D:1)
  3 rats
27 creatures vanquished.

Notes
Turn   | Place    | Note
-------+----------+-------------------------------------------
     0 | D:1      | sasquatch the Ogre Cinder Acolyte began the quest for the
                  | Orb.
     0 | D:1      | Reached XP level 1. HP: 24/24 MP: 2/2
    94 | D:1      | Reached XP level 2. HP: 32/32 MP: 2/4
   940 | D:1      | Reached XP level 3. HP: 39/39 MP: 5/5
  1070 | D:2      | You fall into a shaft and drop 2 floors!
  1074 | D:4      | Learned a level 2 spell: Scorch
  1313 | D:2      | Noticed Natasha
  1330 | D:2      | Killed Natasha
  1425 | D:2      | Noticed Natasha
  1437 | D:2      | Slain by an iron imp

Illustrated notes

Levels and vault maps discovered:
D:1:      dpeg_arrival_solitude, layout_basic, serial_co_window_serial,
          co_window_cross_1, co_window_corner_a, co_window_paths_a,
          co_window_paths_a, co_window_of_opportunity_a, co_window_broadway_a,
          co_window_corner_cb, co_window_2corner, co_window_unsneaky_path_e,
          co_window_4corner_a, glass_columns_c, glass_columns_c,
          glass_columns_b, glass_columns_c, glass_columns_a
D:2:      layout_rooms, basic_altar, chequers_avenue, uniq_natasha
D:3:      layout_loops_corners, nemelex_diamond_rough_becter, uniq_terence
D:4:      layout_basic, nicolae_overflow_hidden_temple,
          minmay_temple_entry_junction, minmay_tree_intersection

Skill      XL: |  1  2  3 |
---------------+----------+-----
Maces & Flails | 3 |  3.6
Fire Magic     | 3 |  3.1
Spellcasting   | 2 |  2.2
Fighting       | |  4.0

Action                     || total
---------------------------++-------
  Melee: Mace              ||    91
   Cast: Scorch            ||     1
 Armour: Robe              ||    25
  Dodge: Dodged            ||    45

Table legend: (Time is in decaauts)
 A = Elapsed time spent in this place.
 B = Non-inter-level travel time spent in this place.
 C = Inter-level travel time spent in this place.
 D = Time resting spent in this place.
 E = Time spent auto-exploring this place.
 F = Levels seen in this place.
 G = Mean time per level.
                   A        B        C        D        E       F      G
               +--------+--------+--------+--------+--------+-----+--------+
         Total |   1462 |   1407 |     55 |     60 |   1071 |   4 |  365.5 |
       Dungeon |   1462 |   1407 |     55 |     60 |   1071 |   4 |  365.5 |
               +--------+--------+--------+--------+--------+-----+--------+

Top non-repeatable levels by time:
     D:1: 1084 daAuts
     D:2: 264 daAuts
     D:3: 84 daAuts
     D:4: 28 daAuts
